 Dungeon Crawl Stone Soup version 0.28-a0-724-g66f9036eb4 (webtiles) character file.

Game seed: 1264121231810710013

63 sanka the Distorting Palentonga (level 3, -2/31 HPs)
             Began as a Palentonga Abyssal Knight on Oct 26, 2021.
             Was a Believer of Lugonu.
             Slain by Natasha (5 damage)
             ... on level 1 of the Dungeon.
             The game lasted 00:02:30 (1384 turns).

sanka the Distorting Palentonga (PaAK)              Turns: 1384, Time: 00:02:31

Health: -2/31      AC:  4    Str: 21 (23) XL:     3   Next: 89%
Magic:  5/5        EV:  9    Int:  7 (10) God:    Lugonu [**....]
Gold:   56         SH:  0    Dex:  9 (10) Spells: 2/2 levels left

rFire   . . .      SeeInvis +   a - +1 hand axe
rCold   . . .      Faith    .   (no shield)
rNeg    . . .      Spirit   .   b - +0 leather armour
rPois   .          Reflect  .   (no helmet)
rElec   .          Harm     .   (no cloak)
rCorr   .          Rampage  .   (no gloves)
Will    .....                   (no barding)
Stlth   +.........              (no amulet)
HPRegen 0.10/turn               (no ring)
MPRegen 0.09/turn               f - +6 ring of strength

@: slowed, very slow
A: large, rugged brown scales 3, see invisible, deformed body, roll 1, armoured
tail
a: Rolling Charge, Renounce Religion, Depart the Abyss, Bend Space


You were on level 1 of the Dungeon.
You worshipped Lugonu.
Lugonu was pleased with you.
You visited 1 branch of the dungeon, and saw 2 of its levels.
You visited the Abyss 1 time.

You collected 56 gold pieces.


Innate Abilities, Weirdness & Mutations

You are completely covered in rugged brown scales. (AC +3, +7% HP)
You have supernaturally acute eyesight. (SInv)
Armour fits poorly on your strangely shaped body.
You can roll at nearby foes to attack.
You have a long armoured tail.


   Skills:
 - Level 3.0 Fighting
 + Level 3.2 Axes
 - Level 1.5 Armour
 - Level 0.7 Dodging
 + Level 3.6 Invocations


You had 2 spell levels left.
You didn't know any spells.
Your spell library was empty.

Inventory:

Hand Weapons
 a - a +1 hand axe (weapon)
 j - a +0 great sword
Armour
 b - a +0 leather armour (worn)
Jewellery
 f - a +6 ring of strength (right hand)
Scrolls
 c - 2 scrolls of vulnerability {unknown}
 e - a scroll of fog {unknown}
 h - a scroll of identify {unknown}
 i - a scroll of noise {unknown}

Dungeon Overview and Level Annotations

Branches:
Dungeon (2/15)

Altars:

Annotations:
D:1 Natasha

▒.▒ ▒..▒..▒ ▒▒▒.▒.▒▒.......
▒▒▒▒▒.▒▒▒..▒..▒ ▒...▒.▒▒.......
▒...†.........▒▒ ▒▒.▒▒▒.▒▒.......
▒.......▒..▒▒..▒▒▒..▒ ▒.▒▒▒......
▒..................▒▒ ▒.▒▒▒..^...
▒................▒▒▒ ▒.▒▒.......
▒................▒▒ ▒.▒........
▒▒▒▒▒▒..........h.▒▒▒▒▒..........
▒▒........)H)...............
▒.▒.▒.▒▒▒▒).▒▒▒▒▒.▒........
▒...........▒..............
▒▒.......▒▒.▒..............
▒▒▒.....▒..▒...........(....
▒▒▒.......▒▒..▒...........▒▒▒▒
▒......▒...▒▒.▒...........▒ ▒
▒...▒▒▒▒▒..▒▒.▒...........▒ ▒▒▒▒▒
▒.....▒...........▒


You could see Natasha.


Message History

Robin is heavily wounded.
You hit Natasha. Robin hits you but does no damage.
Natasha claws you but does no damage.
Robin says, "Duck!"
Robin closely misses you. Natasha claws you.
* * * LOW HITPOINT WARNING * * *
It was a potion of magic.
Magic courses through your body. Robin barely misses you.
Natasha barely misses you. Robin hits you with a +0 spear.
* * * LOW HITPOINT WARNING * * *
It was a potion of degeneration.
There was something very wrong with that liquid.
You feel weakened.
You feel dopey.
You feel clumsy. Natasha claws you.
* * * LOW HITPOINT WARNING * * *
Robin barely misses you. Natasha claws you!
* * * LOW HITPOINT WARNING * * *
You slash Robin!
You kill Robin!
Lugonu accepts your kill.
You hit Natasha. Natasha claws you.
You die...

Action                   || total
-------------------------++-------
Melee: Hand axe          ||    85
       Tailslap          ||    11
 Abil: Rolling Charge    ||     3
  Use: Potion            ||     2
Armor: Leather armour    ||    31
Dodge: Dodged            ||    44

Levels and vault maps discovered:
D:1:      dpeg_arrival_arbitrary_b, layout_rooms
D:2:      layout_rooms, shapermc_ecumenical_altar_mp_vishouse, uniq_robin,
          uniq_natasha, uniq_sigmund

Notes
Turn   | Place    | Note
-------+----------+-------------------------------------------
     0 | Abyss:1  | sanka the Palentonga Abyssal Knight began the quest for the
                  | Orb.
     0 | Abyss:1  | Reached XP level 1. HP: 19/19 MP: 2/2
     0 | Abyss:1  | Found a corrupted altar of Lugonu.
    29 | D:1      | Escaped the Abyss
   207 | D:1      | Reached XP level 2. HP: 14/25 MP: 4/4
   676 | D:1      | Reached ** piety under Lugonu
   680 | D:1      | Reached skill level 3 in Invocations
   910 | D:2      | Reached XP level 3. HP: 25/31 MP: 5/5
  1082 | D:2      | Noticed Natasha
  1084 | D:2      | Killed Natasha
  1085 | D:2      | Reached skill level 3 in Axes
  1118 | D:2      | Noticed Robin
  1371 | D:2      | Noticed Natasha
  1383 | D:1      | HP: 3/31 [Natasha (7)]
  1384 | D:1      | Killed Robin
  1384 | D:1      | Slain by Natasha

Vanquished Creatures
  Natasha (D:2)
  Robin (D:1)
  An endoplasm (D:1)
  A giant cockroach (D:1)
  3 hobgoblins (D:1)
  4 jackals (D:1)
  3 quokkas
  2 ball pythons
  3 bats
  2 frilled lizards (D:1)
  10 goblins
  2 kobolds
  5 rats
38 creatures vanquished.
